 Dungeon Crawl Stone Soup version 0.28-a0-1182-g381e24db82 (webtiles) character file.

Game seed: 17408007398204293154

33 LadyOphelia the Skirmisher (level 3, -3/31 HPs)
             Began as a Draconian Cinder Acolyte on Dec 17, 2021.
             Was a High Priest of Ignis.
             Slain by Sigmund (12 damage)
             ... on level 2 of the Dungeon.
             The game lasted 00:02:22 (1279 turns).

LadyOphelia the Skirmisher (DrCA)                   Turns: 1279, Time: 00:02:23

Health: -3/31      AC:  5    Str: 18    XL:     3   Next: 12%
Magic:  4/4        EV: 11    Int: 14    God:    Ignis [*****.]
Gold:   41         SH:  0    Dex:  6    Spells: 4/4 levels left

rFire   + . .      SeeInvis +   a - -1 falchion (flame)
rCold   . . .      Faith    .   (no shield)
rNeg    . . .      Spirit   .   (armour unavailable)
rPois   .          Reflect  .   (helmet restricted)
rElec   .          Harm     .   (no cloak)
rCorr   .          Rampage  .   (no gloves)
Will    .....                   (no boots)
Stlth   +.........              (no amulet)
HPRegen 0.10/turn               d - ring of see invisible
MPRegen 0.09/turn               (no ring)

@: confused, slowed, very slow
A: AC +5, unfitting armour, cold-blooded
a: Renounce Religion, Fiery Armour, Foxfire Swarm, Rising Flame


You were on level 2 of the Dungeon.
You worshipped Ignis.
Ignis was extremely pleased with you.
You visited 1 branch of the dungeon, and saw 2 of its levels.

You collected 41 gold pieces.

Inventory:

Hand Weapons
 a - a -1 falchion of flaming (weapon)
Jewellery
 d - a ring of see invisible (left hand)
Scrolls
 b - a scroll of immolation {unknown}
 e - a scroll of fog {unknown}
Potions
 c - a potion of attraction {unknown}
 f - a potion of degeneration {unknown}


   Skills:
 + Level 3.5 Fighting
 + Level 3.4 Long Blades
 + Level 0.5 Dodging
 + Level 0.1 Stealth
 + Level 1.0 Spellcasting
 + Level 3.5 Fire Magic


You had 4 spell levels left.
You didn't know any spells.
Your spell library contained the following spells:

 Spells                   Type           Power      Damage    Failure   Level
 Scorch                   Fire           20%        2d6       10%         2


Dungeon Overview and Level Annotations

Branches:
Dungeon (2/15)

Altars:

Annotations:
D:2 Sigmund, Terence


Innate Abilities, Weirdness & Mutations

Your plain brown scales are hard. (AC +5)
You cannot fit into any form of body armour.
You are cold-blooded and may be slowed by cold attacks.


Message History

The jackal barks!
You hear a shout!
You hear a bark!
You hear a shout!
You hear a bark!
A jackal comes into view.
Terence the Incautious comes into view.
He is wielding a +0 morningstar of freezing and wearing a +1 chain mail of cold resistance.
Sigmund the Dreaded comes into view.
He is wielding a +0 scythe.
The jackal moves out of view.
A jackal comes into view.
A jackal comes into view.
Found a brown potion.
The jackal barks!
You hear an angry hiss.
A ball python comes into view.
Terence shouts, "Now you die!" Sigmund casts a spell at you.
You resist with significant effort.
The jackal barks!
A hobgoblin comes into view.
The hobgoblin shouts!
An endoplasm comes into view.
Sigmund gestures at you while chanting.
You are confused.
The jackal bites you but does no damage.
The jackal barely misses you. The jackal bites you.
Okay, then.
Okay, then.
You are too confused!
The jackal bites you but does no damage.
The jackal barely misses you. Terence closely misses you.
Sigmund mumbles some strange words.
Sigmund flickers and vanishes for a moment.
You miss the jackal.
Terence hits you with a +0 morningstar of freezing!
You feel yourself slow down. Terence freezes you.
Sigmund hits you from afar with a +0 scythe.
* * * LOW HITPOINT WARNING * * *
You are too confused!
The jackal misses you.
The jackal bites you but does no damage.
The jackal closely misses you. The jackal barely misses you.
Sigmund hits you from afar with a +0 scythe!
You die...

###.# #....+ #.#.## #.
#...# ##...#.#....# #.
########.###
#...#.#.####.#.
.........####
#...#..[.....#.
............##
#...###.######.
.##########..# #####
#.######. ##.##
#.##...#. #..# #.##...#'
#######@########.##.....
......hhhh.........†....
#.....@S@.######..###...
#......Jg.# #..# #...
..........# #..# #...
..........######..# ####
...!......##<.....#
#..........######.#
#..........# #.#


You could see Sigmund (invisible), Terence, an endoplasm, 4 jackals, a hobgoblin
and a ball python.

Vanquished Creatures
  A worm (D:2)
  A dart slug (D:1)
  5 ball pythons (D:1)
  5 bats (D:1)
  3 endoplasms
  3 goblins (D:1)
  3 quokkas (D:1)
  3 frilled lizards (D:1)
  2 kobolds (D:1)
26 creatures vanquished.

Notes
Turn   | Place    | Note
-------+----------+-------------------------------------------
     0 | D:1      | LadyOphelia the Draconian Cinder Acolyte began the quest
                  | for the Orb.
     0 | D:1      | Reached XP level 1. HP: 19/19 MP: 2/2
   300 | D:1      | Reached XP level 2. HP: 22/26 MP: 3/3
   962 | D:1      | Reached XP level 3. HP: 30/31 MP: 4/4
  1272 | D:2      | Noticed Terence
  1272 | D:2      | Noticed Sigmund
  1279 | D:2      | Slain by Sigmund

Illustrated notes

Levels and vault maps discovered:
D:1:      matt_arrival_debris, layout_loops_ring, minmay_misc_feat_rows
D:2:      layout_basic, uniq_jessica, uniq_sigmund, uniq_terence

Action                   || total
-------------------------++-------
Melee: Falchion          ||    77
       Tailslap          ||     2
Armor: Skin              ||    44
Dodge: Dodged            ||    75

Table legend: (Time is in decaauts)
 A = Elapsed time spent in this place.
 B = Non-inter-level travel time spent in this place.
 C = Inter-level travel time spent in this place.
 D = Time resting spent in this place.
 E = Time spent auto-exploring this place.
 F = Levels seen in this place.
 G = Mean time per level.
                   A        B        C        D        E       F      G
               +--------+--------+--------+--------+--------+-----+--------+
         Total |   1288 |   1240 |     48 |      0 |   1005 |   2 |  644.0 |
       Dungeon |   1288 |   1240 |     48 |      0 |   1005 |   2 |  644.0 |
               +--------+--------+--------+--------+--------+-----+--------+

Top non-repeatable levels by time:
     D:1: 1089 daAuts
     D:2: 199 daAuts
